 Dungeon Sprint DCSS version 0.16-a0-2921-g3a24241 (webtiles) character file.

177 Kemay the Unseen (level 5, -4/34 HPs)
             Began as an Octopode Assassin on Dec 2, 2014.
             Slain by a slime creature (10 damage)
             ... in the Dungeon (Sprint I: "Red Sonja").
             The game lasted 00:01:23 (402 turns).

Kemay the Unseen (Octopode Assassin)                 Turns: 402, Time: 00:01:24

Health: -4/34      AC:  1    Str: 10    XL:     5   Next: 57%
Magic:  5/5        EV: 12    Int: 14    God:
Gold:   162        SH:  0    Dex: 14    Spells: 0 memorised, 4 levels left

rFire  . . .     SeeInvis .     a - +2 dagger
rCold  . . .     Clarity  .     (no shield)
rNeg   . . .     SustAb   .     (helmet restricted)
rPois  .         Gourm    .     (no amulet)
rElec  .         Spirit   .     (no ring)
rCorr  .         Warding  .     (no ring)
rMut   .         NoTele   +     (no ring)
MR     .....                    (no ring)
Stlth  ++++++++..               (no ring)
                                (no ring)
                                (no ring)
                                (no ring)

@: not resistant to hostile enchantments, extraordinarily stealthy
A: almost no armour, amphibious, 8 rings, constrict 8, camouflage 1, gelatinous
body 1
a: no special abilities


You were in the Dungeon.
You were not hungry.

You visited 1 branch You collected 162 gold pieces.

Inventory:

Hand weapons
 a - a +2 dagger (weapon)
 b - a +0 blowgun
Missiles
 e - 8 poisoned needles
 f - 2 curare-tipped needles
Scrolls
 m - a scroll of blinking
Potions
 c - a potion of cancellation {unknown}
 h - a potion of curing
 i - a potion of heal wounds
 j - a potion of haste
 k - 2 potions of magic
 l - a potion of berserk rage
Comestibles
 g - a bread ration


   Skills:
 - Level 2.0 Fighting
 - Level 2.0 Short Blades
 - Level 2.0 Throwing
 - Level 1.0 Dodging
 + Level 15.3 Stealth


You had 4 spell levels left.
You didn't know any spells.

Dungeon Overview and Level Annotations

Branches:
Dungeon (1/1)

Altars:
Cheibriados
Dithmenos
Fedhas
Jiyva


Innate Abilities, Weirdness & Mutations

You cannot wear most types of armour.
You are amphibious.
You can wear up to eight rings at the same time.
You can use your tentacles to constrict many enemies at once.
Your skin changes colour to match your surroundings (Stealth).
Your rubbery body absorbs attacks (AC +1).


Message History

The slime creature hits you but does no damage.
You barely miss the slime creature.
The slime creature is lightly wounded.
The slime creature closely misses you.
You hit the slime creature.
The slime creature is lightly wounded.
The slime creature hits you.
You hit the slime creature.
You squeeze the slime creature, but do no damage.
The slime creature is lightly wounded.
The slime creature hits you!
* * * LOW HITPOINT WARNING * * *
You hit the slime creature. Your squeeze misses the slime creature.
The slime creature is lightly wounded.
The slime creature hits you.
* * * LOW HITPOINT WARNING * * *
You hit the slime creature but do no damage.
The slime creature is lightly wounded.
The slime creature hits you!
You die...

################ ##
#<.#.÷'..#..'..#__#
#..'..#.)').#.@J..+
#..#####'#####+#__#
#..# #..# ## #..#
#### #..# #⌠⌠# ####


You could see a slime creature.

Vanquished Creatures
  An ogre (D)
  Sigmund (D)
  Ijyb (D)
3 creatures vanquished.

Vanquished Creatures (others)
  A gargoyle (D)
1 creature vanquished.

Grand Total: 4 creatures vanquished

Notes
Turn   | Place    | Note
--------------------------------------------------------------
     0 | D        | Kemay, the Octopode Assassin, began the quest for the Orb.
     0 | D        | Reached XP level 1. HP: 14/14 MP: 1/1
     1 | D        | Noticed Ijyb
     9 | D        | Killed Ijyb
     9 | D        | Reached skill level 9 in Stealth
     9 | D        | Reached XP level 2. HP: 6/19 MP: 2/2
   225 | D        | Noticed an ogre
   229 | D        | Killed a gargoyle
   230 | D        | Killed an ogre
   230 | D        | Reached skill level 13 in Stealth
   230 | D        | Reached XP level 3. HP: 24/24 MP: 3/3
   230 | D        | Reached XP level 4. HP: 29/29 MP: 4/4
   240 | D        | Noticed Sigmund
   250 | D        | Killed Sigmund
   250 | D        | Reached skill level 15 in Stealth
   250 | D        | Reached XP level 5. HP: 19/34 MP: 5/5
   394 | D        | Found a snail-covered altar of Cheibriados.
   394 | D        | Found a viscous altar of Jiyva.
   394 | D        | Found a shadowy altar of Dithmenos.
   394 | D        | Found a blossoming altar of Fedhas.
   394 | D        | Noticed a slime creature
   402 | D        | Slain by a slime creature

Action                   |  1- 3 |  4- 6 || total
-------------------------+-------+-------++-------
Melee: Dagger            |     7 |    13 ||    20
 Fire: Blowgun           |       |     1 ||     1
 Stab: Sleeping          |     1 |       ||     1
